 Dungeon Crawl Stone Soup version 0.29.0-13-gc9e81de378 (webtiles) character file.

Game seed: 12364604852984106416

252 SnakkuSnakku7 the Trooper (level 6, -6/53 HPs)
             Began as a Ghoul Enchanter on Sept 11, 2022.
             Mangled by Sigmund
             ... wielding a +2 scythe of flaming
              (10 damage)
             ... on level 4 of the Dungeon.
             The game lasted 00:09:28 (4875 turns).

SnakkuSnakku7 the Trooper (Ghoul Enchanter)         Turns: 4875, Time: 00:09:29

Health: -6/53      AC:  5    Str: 14    XL:     6   Next: 13%
Magic:  7/7        EV: 10    Int: 10    God:
Gold:   234        SH:  0    Dex:  9    Spells: 8/8 levels left

rFire   + . .      SeeInvis .     - Unarmed
rCold   + + .      Faith    .   (no shield)
rNeg    + + +      Spirit   .   r - +0 ring mail {rF+}
rPois   ∞          Reflect  .   (no helmet)
rElec   .          Harm     .   (no cloak)
rCorr   .          Rampage  .   (no gloves)
Will    .....                   (no boots)
Stlth   +.........              (no amulet)
HPRegen 0.00/turn               g - ring of flight
MPRegen 0.10/turn               h - ring of protection from cold

@: attractive, flying, inhibited regen
A: reduced essence, claws 1, cold resistance 1, negative energy resistance 3,
inhibited regeneration, torment resistance 2, devour on kill
a: no special abilities


You were on level 4 of the Dungeon.
You visited 1 branch of the dungeon, and saw 5 of its levels.
You also visited: Ossuary.

You collected 234 gold pieces.

Inventory:

Hand Weapons
 a - a +1 dagger
Missiles
 m - a poisoned dart (quivered)
Armour
 b - a +0 robe
 f - a +0 ring mail
 r - a +0 ring mail of fire resistance (worn)
Jewellery
 g - a ring of flight (left claw)
 h - a ring of protection from cold (right claw)
Scrolls
 c - a scroll of blinking {unknown}
 e - a scroll of fog
 i - 2 scrolls of poison {unknown}
 j - a scroll of enchant armour {unknown}
 k - 3 scrolls of teleportation
 l - a scroll of amnesia {unknown}
 n - a scroll of vulnerability {unknown}
 p - a scroll of magic mapping {unknown}


   Skills:
 - Level 4.3 Fighting
 - Level 0.8 Short Blades
 + Level 0.0 Throwing
 - Level 1.7 Dodging
 - Level 3.2 Stealth
 + Level 4.3 Unarmed Combat
 - Level 1.7 Spellcasting
 - Level 2.4 Hexes


You had 8 spell levels left.
You didn't know any spells.
Your spell library contained the following spells:

 Spells                   Type           Power      Damage    Failure   Level
 Ensorcelled Hibernation  Hex/Ice        6%         N/A       52%         2
 Foxfire                  Conj/Fire      0%         2x1d4     54%         1
 Summon Small Mammal      Summ           0%         N/A       54%         1
 Confusing Touch          Hex            5%         N/A       58%         3
 Tukima's Dance           Hex            5%         N/A       58%         3
 Dazzling Flash           Conj/Hex       6%         N/A       77%         3
 Inner Flame              Hex/Fire       3%         N/A       77%         3
 Summon Guardian Golem    Hex/Summ       3%         N/A       77%         3
 Call Canine Familiar     Summ           0%         N/A       89%         3
 Conjure Flame            Conj/Fire      0%         6-21      89%         3
 Flame Wave               Conj/Fire      0%         2d4       100%        4


Dungeon Overview and Level Annotations

Branches:
Dungeon (5/15)            Ossuary (visited)
 Temple: D:4-7

Altars:
Cheibriados
Gozag
Hepliaklqana
Okawaru
Ru
Trog
Xom
Yredelemnul

Shops:
D:2 [:   D:3 [

Annotations:
D:4 Sigmund


Innate Abilities, Weirdness & Mutations

Your life essence is reduced to manifest your ancestor. (-10% HP)
You are immune to poison.
You have sharp fingernails.
Your flesh is cold resistant. (rC+)
You are immune to negative energy. (rN+++)
You do not regenerate when monsters are visible.
You are immune to unholy pain and torment.
You thrive by killing the living.


Message History

Sigmund shouts!
Sigmund hits you from afar with a +2 scythe of flaming!
You scratch Sigmund.
Sigmund is lightly wounded.
Sigmund hits you with a +2 scythe of flaming!
Sigmund burns you.
You scratch Sigmund.
Sigmund is lightly wounded.
Sigmund hits you with a +2 scythe of flaming.
Sigmund burns you.
You scratch Sigmund.
Sigmund is lightly wounded.
You scratch Sigmund but do no damage.
Sigmund is lightly wounded.
Sigmund hits you with a +2 scythe of flaming!
You claw Sigmund!
Sigmund is heavily wounded.
You closely miss Sigmund.
Sigmund is heavily wounded.
Sigmund gestures wildly while chanting.
Sigmund flickers and vanishes!
Deactivating autopickup; reactivate with Ctrl-A.
You miss something. Something hits you.
You closely miss something. Something hits you.
* * * LOW HITPOINT WARNING * * *
You closely miss something. You scratch something. Something hits you.
* * * LOW HITPOINT WARNING * * *
Something burns you.
* * * LOW HITPOINT WARNING * * *
Okay, then.
Okay, then.
It was a potion of attraction.
You feel attractive to monsters.
You closely miss something. Something hits you but does no damage.
You claw something! Something hits you.
* * * LOW HITPOINT WARNING * * *
You scratch something. You scratch something but do no damage.
Something hits you!
You die...

##.##.#.#.........#.#
####.#.#########...#
####### ######## ##.##
......###......#######.#
......##..._.......>##.#
.######.._.....####.##.#
.# #....###########.#
.### #._.###...{.## #.#
...# #....#..._@..###.#
##.# #.._...⌠..._..##.#
#.# ##..._...#....#..#
##.## ##.....###._.#..#
#...## #########....#..#
.....###.# #....._..#.##
......##.###..._...##.#
..............)...#####
.......8..###########


There were no monsters in sight!

Vanquished Creatures
  A necrophage (D:4)
  An orc priest (D:4)
  An orc wizard (D:4)
  Natasha (thrice) (D:4)
  2 hound zombies (Ossuary)
  A mummy (Ossuary)
  A gnoll (D:1)
  3 adders
  A worm (D:2)
  4 dart slugs
  7 orcs
  9 ball pythons
  4 endoplasms
  4 giant cockroaches
  5 goblins
  9 hobgoblins
  2 jackals
  12 kobolds
  4 quokkas
  3 bats
  7 frilled lizards
  2 goblin zombies (Ossuary)
  5 rats
91 creatures vanquished.

Notes
Turn   | Place    | Note
-------+----------+-------------------------------------------
     0 | D:1      | SnakkuSnakku7 the Ghoul Enchanter began the quest for the
                  | Orb.
     0 | D:1      | Reached XP level 1. HP: 14/14 MP: 2/2
   131 | D:1      | Reached skill level 1 in Fighting
   131 | D:1      | Reached skill level 1 in Unarmed Combat
   131 | D:1      | Reached XP level 2. HP: 5/23 MP: 3/3
   917 | D:1      | Reached XP level 3. HP: 29/29 MP: 4/4
  1141 | D:1      | Found a faded altar of an unknown god.
  1303 | D:2      | Found Yjad's Antique Armour Shoppe.
  1423 | D:2      | Reached XP level 4. HP: 31/37 MP: 5/5
  1535 | D:2      | Found Atrix's Book Shoppe.
  2558 | D:3      | Found Rangu's Antique Armour Boutique.
  2887 | D:4      | Reached XP level 5. HP: 20/45 MP: 6/6
  2907 | D:4      | Noticed Sigmund
  3088 | D:4      | Found a sand-covered staircase.
  3182 | Ossuary  | Entered an ossuary
  3621 | D:4      | Found a shimmering altar of Xom.
  3623 | D:4      | Found a basalt altar of Yredelemnul.
  3624 | D:4      | Found an iron altar of Okawaru.
  3648 | D:4      | Reached XP level 6. HP: 35/53 MP: 7/7
  3750 | D:4      | Found a sacrificial altar of Ru.
  3751 | D:4      | Found a hazy altar of Hepliaklqana.
  3754 | D:4      | Found an opulent altar of Gozag.
  3756 | D:4      | Found a bloodstained altar of Trog.
  3758 | D:4      | Found a snail-covered altar of Cheibriados.
  3785 | D:4      | Became a worshipper of Hepliaklqana the Forgotten
  3786 | D:4      | Fell from the grace of Hepliaklqana
  4249 | D:4      | Noticed Natasha
  4255 | D:4      | Killed Natasha
  4355 | D:4      | Noticed Natasha
  4367 | D:4      | Killed Natasha
  4428 | D:4      | Noticed Natasha
  4566 | D:5      | Entered Level 5 of the Dungeon
  4587 | D:4      | Killed Natasha
  4875 | D:4      | Mangled by Sigmund

Illustrated notes

Levels and vault maps discovered:
D:1:      lightli_arrival_isolated_outpost, layout_basic,
          shapermc_ecumenical_altar_petra, minmay_split_cup_small
D:2:      layout_basic, serial_shops, shop, nicolae_square_shop,
          serial_aquarium, aquarium_bridge_square [aquarium_subvault_bridge,
          aquarium_subvault_window, aquarium_subvault_bridge,
          aquarium_subvault_window], aquarium_bridge_long_separate
          [aquarium_subvault_bridge, aquarium_subvault_wall,
          aquarium_subvault_balcony, aquarium_subvault_window,
          aquarium_subvault_wall, aquarium_subvault_bridge],
          aquarium_window_fake, aquarium_window_corner, aquarium_view_2b,
          aquarium_view_2b, aquarium_pool_corner
D:3:      layout_rooms, serial_shops, nicolae_shop_statue_plus
D:4:      layout_loops_ring, nicolae_overflow_hallway_of_the_gods,
          nicolae_ossuary_entry_monument, uniq_natasha, uniq_sigmund
D:5:      kennysheep_slugbush, layout_basic, serial_shops, nicolae_shop_trees

Skill      XL: |  1  2  3  4  5 |
---------------+----------------+-----
Fighting       | 1 2 3 4 |  4.3
Unarmed Combat | 1 2 3 4 |  4.3
Short Blades   | |  0.8
Dodging        | |  1.7
Stealth        | |  3.2
Spellcasting   | |  1.7
Hexes          | |  2.4

Action                   |  1- 3 |  4- 6 || total
-------------------------+-------+-------++-------
Melee: Dagger            |   123 |       ||   123
       Punch             |     4 |     6 ||    10
       Unarmed           |    26 |   285 ||   311
Throw: Dart              |       |     3 ||     3
Invok: Renounce Religion |       |     1 ||     1
  Use: Scroll            |       |    10 ||    10
       Potion            |       |     5 ||     5
 Stab: Sleeping          |     3 |     2 ||     5
       Invisible         |       |     4 ||     4
Armor: Robe              |    14 |       ||    14
       Ring mail         |    29 |   117 ||   146
Dodge: Dodged            |    98 |   143 ||   241
